 Dungeon Crawl Stone Soup version 0.29.0-7-g18a832c13a (webtiles) character file.

Game seed: 1915657147038471665

2386 ImASeal the Thaumaturge (level 9, -8/55 HPs)
             Began as a Djinni Fire Elementalist on Aug 31, 2022.
             Was an Initiate of Elyvilon.
             Shot with a sling bullet by Joseph (18 damage)
             ... on level 7 of the Dungeon.
             The game lasted 00:23:05 (9535 turns).

ImASeal the Thaumaturge (Djinni Fire Elementalist)  Turns: 9535, Time: 00:23:05

Health: -8/55      AC:  5    Str: 11    XL:     9   Next: 74%
Gold:   324        EV: 16    Int: 18    God:    Elyvilon [......] SH:  0 Dex: 13

rFire   + . .      SeeInvis .   w - +1 dagger (flame)
rCold   . . .      Faith    .   (no shield)
rNeg    . . .      Spirit   .   a - +0 robe
rPois   ∞          Reflect  .   h - +1 hat
rElec   .          Harm     .   F - +1 cloak
rCorr   .          Rampage  .   (no gloves)
Will    .....                   (boots unavailable)
Stlth   ++........              (no amulet)
HPRegen 0.18/turn               t - +4 ring of evasion
MPRegen 0.00/turn               q - ring of ice

@: about to teleport, flying
A: sickness immunity, fire resistance 2, cold vulnerability 1, float, innate
caster, HP casting, extra vitality 1
a: Renounce Religion


You were on level 7 of the Dungeon.
You worshipped Elyvilon.
Elyvilon was noncommittal.
You visited 2 branches of the dungeon, and saw 8 of its levels.

You collected 332 gold pieces.
You spent 8 gold pieces at shops.

Inventory:

Hand Weapons
 v - a +0 rapier
 w - a +1 dagger of flaming (weapon)
 G - the +6 short sword "Ulasom" {drain, *Corrode rElec rPois rF+}
   (You found it on level 7 of the Dungeon)

   A truly terrible weapon, it drains the life of any living foe it strikes.
   rF:        It protects you from fire.
   rElec:     It insulates you from electricity.
   rPois:     It protects you from poison.
   *Corrode:  It may corrode you when you take damage.
   Elyvilon disapproves of the use of such an item.
Armour
 a - a +0 robe (worn)
 g - a scarf of harm
 h - a +1 hat (worn)
 i - the +3 ring mail of Asceticism {-Tele rElec Will+ Dex+2}
   (You found it on level 7 of the Dungeon)

   Dex:       It affects your dexterity (+2).
   rElec:     It insulates you from electricity.
   -Tele:     It prevents most forms of teleportation.
   Will:      It increases your willpower.
 F - a +1 cloak (worn)
Jewellery
 q - a ring of ice (right hand)
 t - a +4 ring of evasion (left hand)
Scrolls
 e - a scroll of vulnerability
 f - 3 scrolls of identify
 m - 3 scrolls of poison
 n - 2 scrolls of enchant armour
 r - a scroll of fear {unknown}
 s - 3 scrolls of noise {unknown}
 y - a scroll of silence {unknown}
 A - a scroll of magic mapping {unknown}
 C - a scroll of torment {unknown}
 E - a scroll of enchant weapon {unknown}
 H - a scroll of brand weapon {unknown}
Potions
 c - 2 potions of haste {unknown}
 d - a potion of berserk rage {unknown}
 j - 3 potions of heal wounds {unknown}
 k - 6 potions of curing
 l - a potion of invisibility {unknown}
 p - a potion of brilliance {unknown}
 u - 3 potions of ambrosia {unknown}
 x - a potion of degeneration {unknown}
 z - a potion of attraction {unknown}
 B - 2 potions of cancellation {unknown}
 D - a potion of flight {unknown}


   Skills:
 - Level 2.3 Dodging
 - Level 1.7 Stealth
 * Level 9.9 Spellcasting


You had 5 spell levels left.
You knew the following spells:

 Your Spells              Type           Power      Damage    Failure   Level
a - Foxfire               Conj/Fire      100%       2x1d9     1%          1
b - Scorch                Fire           88%        2d9       1%          2
c - Conjure Flame         Conj/Fire      44%        6-21      1%          3
d - Inner Flame           Hex/Fire       44%        N/A       1%          3
e - Flame Wave            Conj/Fire      44%        2d11      1%          4
f - Magic Dart            Conj           100%       1d8       1%          1
g - Static Discharge      Conj/Air       44%        3-9/arc   1%          2
h - Passwall              Tmut/Erth      36%        N/A       1%          2
i - Ice Form              Ice/Tmut       61%        N/A       1%          4
Your spell library was empty.

Dungeon Overview and Level Annotations

Branches:
Dungeon (7/15)             Temple (1/1) D:7

Altars:
Ashenzari
Dithmenos
Elyvilon
Fedhas
Gozag
Hepliaklqana
Makhleb
Okawaru
Qazlal
Trog
Uskayaw
Wu Jian
Xom
Yredelemnul
Zin
The Shining One

Shops:
D:1 =   D:3 ((=(   D:4 *

Annotations:
D:7 Joseph


Innate Abilities, Weirdness & Mutations

You are immune to sickness and miasma.
You are immune to poison.
Your flesh is very heat resistant. (rF++)
You are vulnerable to cold. (rC-)
You float through the air rather than walking.
You learn spells naturally, not from books.
Your magical power is your life essence.
You have superior vitality. (+4 MHP)


Message History

You conjure some foxfire!
Your foxfire dissipates!
The foxfire hits Joseph.
Joseph is lightly wounded.
Casting: Foxfire (safe; 1% risk of failure)
Confirm with . or Enter, or press ? or * to list all spells.
You conjure some foxfire!
Your foxfire dissipates!
The foxfire hits the orc wizard!
The orc wizard is heavily wounded.
Joseph shoots a sling bullet.
The sling bullet barely misses you.
Casting: Foxfire (safe; 1% risk of failure)
Confirm with . or Enter, or press ? or * to list all spells.
You conjure some foxfire!
Your foxfire dissipates!
The foxfire hits the orc wizard.
The orc wizard is severely wounded.
Casting: Foxfire (safe; 1% risk of failure)
Confirm with . or Enter, or press ? or * to list all spells.
You conjure some foxfire!
Your foxfire dissipates!
The foxfire hits the orc wizard.
The orc wizard is almost dead.
The orc wizard casts a spell at you. The magic dart hits you.
Things that are here:
a +0 short sword; a +1 chain mail of cold resistance; the elf skeleton of Duvessa
Casting: Foxfire (safe; 1% risk of failure)
Confirm with . or Enter, or press ? or * to list all spells.
Flames lash the orc wizard.
You kill the orc wizard!
Joseph shoots a sling bullet.
The sling bullet completely misses you.
Joseph shoots a sling bullet.
The sling bullet barely misses you.
Joseph shoots a sling bullet.
The sling bullet hits you!!
* * * LOW HITPOINT WARNING * * *
You hear a shout!
As you read the scroll of teleportation, it crumbles to dust.
You feel strangely unstable.
Joseph shoots a sling bullet.
The sling bullet hits you!!
You die...

.....g....# #.....#### #.
.....)....# #####....## #.
######)#### ####..## #. ######)##
##..# ## ........# ##.# ........#
#)# .....)..# #####'##
.....)).################......###
........'.@)..).@....).'......'..
...)....################......###
........# #######.......#
........# #......(......##
....... #............... .......
#...)....##..... .......
#........##..... .......
#........##..... #........#######


You could see Joseph.

Vanquished Creatures
  Grinder (D:6)
  Menkaure (D:7)
  Duvessa (D:7)
  A sky beast (D:7)
  2 black bears
  3 ogres
  5 phantoms
  A centaur (D:7)
  A bullfrog (D:6)
  3 scorpions
  Dowan (D:7)
  An orc priest (D:7)
  3 hounds
  2 jellies
  A gnoll bouda (D:5)
  6 iguanas
  4 orc wizards
  2 hound skeletons (D:3)
  7 gnolls
  A howler monkey skeleton (D:3)
  2 adders
  A shadow imp (D:7)
  3 dart slugs
  21 orcs
  3 ball pythons
  5 endoplasms
  3 giant cockroaches (D:2)
  8 goblins
  7 hobgoblins
  4 quokkas
  4 bats
  4 frilled lizards
  A kobold (D:3)
  A rat (D:3)
114 creatures vanquished.

Vanquished Creatures (others)
  516 foxfires
  4 withered plants (D:3)
520 creatures vanquished.

Grand Total: 634 creatures vanquished

Notes
Turn   | Place    | Note
-------+----------+-------------------------------------------
     0 | D:1      | ImASeal the Djinni Fire Elementalist began the quest for
                  | the Orb.
     0 | D:1      | ImASeal set off with the following spells memorised:
                  | Foxfire, Scorch, Conjure Flame, Inner Flame, Flame Wave.
     0 | D:1      | Reached XP level 1. HP: 15/15 MP: 0/0
   350 | D:1      | Found Wiudghaol's Jewellery Shoppe.
   385 | D:1      | Reached XP level 2. HP: 14/21 MP: 0/0
  1332 | D:2      | Reached skill level 3 in Spellcasting
  1558 | D:2      | Reached XP level 3. HP: 20/25 MP: 0/0
  1558 | D:2      | Learned a level 1 spell: Magic Dart
  2036 | D:2      | Found a blossoming altar of Fedhas.
  2387 | D:3      | Found Loloc's Weapon Shoppe.
  2614 | D:3      | Reached XP level 4. HP: 23/31 MP: 0/0
  2655 | D:3      | Found Utook's Antique Weapon Boutique.
  3034 | D:3      | Found Urphuaxemy's Jewellery Emporium.
  3037 | D:3      | Found Ceineupe's Antique Weapon Shop.
  3644 | D:4      | Noticed an ogre
  3648 | D:4      | Noticed a scorpion
  3669 | D:4      | Killed an ogre
  3670 | D:4      | Reached skill level 4 in Spellcasting
  3670 | D:4      | Reached XP level 5. HP: 10/35 MP: 0/0
  3670 | D:4      | Learned a level 2 spell: Static Discharge
  3676 | D:4      | Reached XP level 6. HP: 12/40 MP: 0/0
  4054 | D:4      | Reached skill level 5 in Spellcasting
  4375 | D:4      | Found a shadowy altar of Dithmenos.
  4530 | D:4      | Found Coismaet's CLEARANCE SALE!.
  4538 | D:4      | Bought a scroll of identify for 8 gold pieces
  4921 | D:5      | Entered Level 5 of the Dungeon
  5149 | D:5      | Noticed a black bear
  5160 | D:5      | Killed a black bear
  5161 | D:5      | Reached XP level 7. HP: 34/45 MP: 0/0
  5161 | D:5      | Learned a level 2 spell: Passwall
  5330 | D:5      | Reached skill level 6 in Spellcasting
  5919 | D:5      | Reached XP level 8. HP: 46/50 MP: 0/0
  6114 | D:5      | Reached skill level 7 in Spellcasting
  6777 | D:6      | Noticed Grinder
  6785 | D:6      | Killed Grinder
  7236 | D:6      | Reached skill level 8 in Spellcasting
  7592 | D:6      | Reached XP level 9. HP: 51/55 MP: 0/0
  7592 | D:6      | Learned a level 4 spell: Ice Form
  8073 | D:7      | Identified the +3 ring mail of Asceticism {-Tele rElec
                  | Will+ Dex+2}
  8131 | D:7      | Reached skill level 9 in Spellcasting
  8254 | D:7      | Noticed Menkaure
  8258 | D:7      | Killed Menkaure
  8283 | D:7      | Identified the +6 short sword "Ulasom" {drain, *Corrode
                  | rElec rPois rF+}
  8350 | D:7      | Found a glowing golden altar of the Shining One.
  8398 | D:7      | Found a staircase to the Ecumenical Temple.
  8490 | Temple   | Entered the Ecumenical Temple
  8600 | Temple   | Became a worshipper of Elyvilon the Healer
  8929 | D:7      | Noticed Duvessa
  8933 | D:7      | Noticed Dowan
  9323 | D:7      | Killed Duvessa
  9337 | D:7      | Killed Dowan
  9518 | D:7      | Noticed Joseph
  9535 | D:7      | Shot with a sling bullet by Joseph

Illustrated notes

Levels and vault maps discovered:
D:1:      minmay_arrival_diagonal_passages, layout_basic, serial_shops,
          nicolae_shop_waterfront
D:2:      layout_basic, basic_altar
D:3:      layout_basic, serial_undead, serial_undead_e, serial_undead_a,
          serial_undead_c, serial_undead_e, serial_shops,
          nicolae_shop_competitors_out_of_business, shop,
          nicolae_shop_statue_plus, nicolae_shop_behind_doors
D:4:      layout_loops_corners, mainiacjoe_overflow_concentric_impassable,
          nicolae_shop_clearance
D:5:      layout_basic
D:6:      layout_loops_ring, hangedman_decor_riveting, hangedman_decor_push,
          kennysheep_generic_room_11, uniq_grinder
D:7:      layout_basic, lemuel_coloured_pillars_altar, lemuel_temple_firewalk_b,
          uniq_joseph, uniq_menkaure, uniq_duvessa
Temple:   nicolae_temple_superstar

Skill      XL: |  1  2  3  4  5  6  7  8  9 |
---------------+----------------------------+-----
Spellcasting   | 3 4 5 6 8 9 |  9.9
Dodging        | |  2.3
Stealth        | |  1.7

Action                   |  1- 3 |  4- 6 |  7- 9 || total
-------------------------+-------+-------+-------++-------
 Cast: Foxfire           |   104 |   105 |   149 ||   358
       Conjure Flame     |       |     2 |     1 ||     3
       Scorch            |       |     9 |    58 ||    67
  Use: Scroll            |       |     6 |     4 ||    10
       Potion            |       |     1 |       ||     1
Armor: Robe              |       |     7 |     4 ||    11
Dodge: Dodged            |       |    16 |    19 ||    35
